MrWarthog, lawful female human Valkyrie ------------- |.....@.....| -....I......| |W..........| ...I........| ------------- MrWarthog the Skirmisher Experience level: 5 Strength: 20 Dexterity: 13 Constitution: 18 Intelligence: 8 Wisdom: 10 Charisma: 7 Health: 0(64) Energy: 14(14) Def: 5 Gold: 913 Moves: 2176 Dungeon seed: U_LbyTJoFigxh1ol Game ID: MrWarthog_1655063053 Your Inventory: Coins $ - 913 gold pieces Weapons a - an uncursed corroded +2 long sword (weapon in hand) b - an uncursed +0 dagger h - 11 uncursed +0 elven arrows E - 8 uncursed poisoned +1 orcish arrows F - 11 uncursed poisoned +0 orcish arrows Armor e - an uncursed +4 small shield (being worn) q - a cursed -2 orcish helm r - a cursed +0 pair of iron shoes y - a blessed +0 ring mail Comestibles c - 3 uncursed food rations i - an uncursed egg D - an uncursed tripe ration Wands l - an uncursed wand of digging (0:5) Tools d - an uncursed oil lamp (0:1275) I - an uncursed sack Gems n - an uncursed worthless piece of orange glass Contents of the sack: a blessed scroll of charging an uncursed scroll of charging 3 uncursed scrolls of confuse monster an uncursed scroll of enchant armor a blessed scroll of genocide 2 uncursed scrolls of genocide 2 uncursed scrolls of gold detection a cursed scroll of gold detection a blessed scroll of identify 6 uncursed scrolls of identify a cursed scroll of identify a blessed scroll of light 3 uncursed scrolls of light an uncursed scroll of magic mapping an uncursed scroll of punishment an uncursed scroll of recall 4 uncursed scrolls of remove curse 5 uncursed scrolls of scare monster a blessed scroll of summoning 2 uncursed scrolls of summoning an uncursed scroll of taming 3 uncursed scrolls of teleportation a cursed scroll of teleportation an uncursed potion of blindness an uncursed potion of water Spells and supernatural/magical abilities: Name Level Category Cost Memory W - pray for help -- divine ? -- Your skills at the end: Fighting Skills wands [Basic] Weapon Skills dagger [Basic] long sword [Skilled] Spellcasting Skills Final Attributes: You were piously aligned. You were immune to cold. You were stealthy. Tyr was noncommittal. You are dead. Vanquished creatures: a dog 4 Uruk-hai a pony a shrieker a violet fungus a little dog a kitten a kobold lord a kobold shaman 3 hill orcs 2 rothes an acid blob a gas spore 2 hobgoblins 2 giant rats a brown mold a yellow mold a Keystone Kop a gnome zombie 3 geckos a kobold a goblin 5 grid bugs 2 lichens 3 newts 42 creatures vanquished. Voluntary challenges: You were an atheist. You used a wielded weapon 65 times, starting on turn 29. You read items or engraved 14 times, starting on turn 1285. You never genocided any monsters. You never polymorphed an object. You never changed form. You used no wishes. You never split a pudding. You never wrote Elbereth's name. You violated your moral code, losing 42 points of alignment, starting on turn 1326. Dungeon overview: The Dungeons of Doom: levels 1 to 8 Level 1 a long staircase Level 2 a scroll shop Level 3 a scroll shop, a vault Level 4 a sink Level 5 a fountain, a sink, a vault Level 6 some fountains Level 7 a vault Level 8 <- You were here History has recorded: On T:1 you entered the Dungeons of Doom to retrieve the Amulet of Yendor! On T:137 you reached level 2 of The Dungeons of Doom. On T:381 you reached level 3 of The Dungeons of Doom. On T:422 you reached level 4 of The Dungeons of Doom. On T:578 you advanced to experience level 2. On T:604 you reached level 5 of The Dungeons of Doom. On T:883 you reached level 6 of The Dungeons of Doom. On T:977 you advanced to experience level 3. On T:1663 you advanced to experience level 4. On T:1740 you reached level 7 of The Dungeons of Doom. On T:1942 you advanced to experience level 5. On T:2171 you reached level 8 of The Dungeons of Doom. Score breakdown: Gold: 913 (10072 points) Experience: 5 levels (11141 points) Exploration: 8 levels ( 17.39%) (11832 points) Discoveries: 23 items ( 9.20%) ( 9099 points) Valuables value: (no points given unless you survive) Artifact value: 0 ( 0 points) Variety of kills: 25 monsters ( 6.58%) ( 7694 points) Turncount: 2176 turns ( -125 points) Survival: died (score multiplied by 80%) Total score: 39770 Latest messages: This male pony corpse tastes terrible! You stop eating. The grid bug bites! You are zapped! You kill the grid bug! You feel more confident in your weapon skills. You hit the hill orc! (2x) The hill orc wields a scimitar! You kill the hill orc! Never mind. You are now more skilled in long sword. $ - 200 gold pieces. There are a few more objects here. The grid bug bites! You are zapped! You kill the grid bug! It hits! (4x) You miss it. It hits! (4x) You die... Final status: Farvel MrWarthog the Valkyrie, killed by an invisible barbarian called "Bom"... You died in The Dungeons of Doom on dungeon level 8 with 39770 points, and 913 pieces of gold, after 2176 moves. You were level 5 with a maximum of 64 hit points when you died.